 Dungeon Crawl Stone Soup version 0.26-a0-466-g989023bd0d (webtiles) character file.

Game seed: 15928561553296568803

843930 Apogee the Conqueror (level 27, -15/199 HPs)
             Began as a Hill Orc Monk on July 31, 2020.
             Was the Champion of Okawaru.
             Killed from afar by Lom Lobon (35 damage)
             ... with a great icy blast
             ... in Pandemonium on Aug 1, 2020.
             The game lasted 03:23:58 (89596 turns).

Apogee the Conqueror (Hill Orc Monk)               Turns: 89596, Time: 03:23:59

Health: -15/199    AC: 43    Str: 22 (23) XL:     27
Magic:  9/25       EV: 15    Int: 13 (16) God:    Okawaru [******]
Gold:   7586       SH: 21    Dex:  9      Spells: 37/38 levels left

rFire    + + .     SeeInvis +   a - +11 broad axe of Anarchy {vorpal, Int+4}
rCold    + + .     Faith    .   O - +2 shield of Resistance {rF+ rC+ MR+}
rNeg     . . .     Spirit   .   i - +11 gold dragon scales
rPois    +         Reflect  +   (helmet restricted)
rElec    +         Harm     .   q - +2 cloak of the Wasteland {Regen+ Int+4}
rCorr    +                      j - +0 pair of gloves of Cynicism {MR+ SInv}
MR       ++++.                  c - +0 pair of boots of Jacyfici {rCorr Slay+3}
Stlth    ..........             y - amulet of reflection
HPRegen  0.00/turn              X - ring "Pofopriabb" {+Inv rElec SInv}
MPRegen  0.19/turn              Y - +4 ring of slaying

@: berserk cooldown, hasted and slowed
A: antennae 1, rugged brown scales 1, thin metallic scales 1, blink, blurry
vision 1, clumsy 2, deformed body, deterioration 2, dopey 1, frail 3, low mp 2,
screaming 1, inhibited regeneration, weak 2, no potion heal 1, subdued magic 1
}: 6/15 runes: serpentine, barnacled, slimy, silver, glowing, fiery
a: Blink, Heroism, Finesse, Renounce Religion, Evoke Invisibility


You were in Pandemonium.
You worshipped Okawaru.
Okawaru was exalted by your worship.
You visited 10 branches of the dungeon, and saw 52 of its levels.
You visited Pandemonium 1 time, and saw 12 of its levels.
You visited the Abyss 2 times.
You also visited: Trove, Bailey and Ice Cave.

You collected 9556 gold pieces.
You spent 1970 gold pieces at shops.

Inventory:

Hand Weapons
 a - the +11 broad axe of Anarchy (weapon) {vorpal, Int+4}
   (Okawaru gifted it to you on level 5 of the Depths)

   It inflicts extra damage upon your enemies.
   It affects your intelligence (+4).
 b - a +9 hand crossbow of freezing
   (Okawaru gifted it to you on level 4 of the Realm of Zot)
Missiles
 z - 10 throwing nets (quivered) {!f}
 K - 2282 bolts
Armour
 c - the +0 pair of boots of Jacyfici (worn) {rCorr Slay+3}
   (Okawaru gifted it to you on level 4 of the Realm of Zot)

   It affects your accuracy and damage with ranged weapons and melee attacks
   (+3).
   It provides partial protection from all sources of acid and corrosion.
 e - a +0 pair of boots of rampaging
   (Okawaru gifted it to you in Pandemonium)
 i - +11 gold dragon scales (worn)
   (You found it on level 1 of the Realm of Zot)
 j - the +0 pair of gloves of Cynicism (worn) {MR+ SInv}
   (Okawaru gifted it to you on level 3 of the Vaults)

   It affects your resistance to hostile enchantments.
   It lets you see invisible.
 q - the +2 cloak of the Wasteland (worn) {Regen+ Int+4}
   (You acquired it on level 12 of the Dungeon)

   It affects your intelligence (+4).
   It increases your rate of regeneration.
 H - a +0 tower shield of protection
   (Okawaru gifted it to you on level 5 of the Realm of Zot)
 O - the +2 shield of Resistance (worn) {rF+ rC+ MR+}
   (You found it on level 6 of the Lair of Beasts)

   It protects you from fire.
   It protects you from cold.
   It affects your resistance to hostile enchantments.
Jewellery
 g - the ring "Rolel" {rF++ rN+ Stlth-}
   (You found it on level 12 of the Dungeon)

   [ring of positive energy]

   It greatly protects you from fire.
   It protects you from negative energy.
   It makes you less stealthy.
 y - an amulet of reflection (around neck)
   (You found it on level 4 of the Dungeon)
 B - the ring of Conformity {rC+ Str+3 Dex+5}
   (You found it in Pandemonium)

   [ring of protection from cold]

   It affects your strength (+3).
   It affects your dexterity (+5).
   It protects you from cold.
 E - the ring of Natahed {rF+ MR+ Int+4}
   (You found it in Pandemonium)

   [ring of protection from magic]

   It affects your intelligence (+4).
   It protects you from fire.
   It affects your resistance to hostile enchantments.
 F - an uncursed ring of poison resistance
   (You found it on level 11 of the Dungeon)
 G - an uncursed ring of resist corrosion
   (You found it on level 2 of the Snake Pit)
 X - the ring "Pofopriabb" (left hand) {+Inv rElec SInv}
   (You found it on level 5 of the Lair of Beasts)

   [ring of see invisible]

   It insulates you from electricity.
   It lets you see invisible.
   It lets you turn invisible.
 Y - a +4 ring of slaying (right hand)
   (You found it on level 3 of the Lair of Beasts)
Wands
 d - a wand of polymorph (14)
   (You found it in Pandemonium)
 t - a wand of flame (12)
   (You found it in Pandemonium)
 v - a wand of digging (29)
   (You took it off Ijyb on level 5 of the Dungeon)
 x - a wand of acid (80)
   (You found it on level 5 of the Dungeon)
 M - a wand of clouds (4)
   (You found it on level 5 of the Depths)
Scrolls
 h - 6 scrolls of blinking
 k - 2 scrolls of enchant armour
 m - 27 scrolls of teleportation {@r4}
 n - 8 scrolls of fear
 p - 18 scrolls of identify {@r1}
 r - 6 scrolls of magic mapping
 s - 23 scrolls of remove curse {@r2}
 C - 9 scrolls of fog
 D - a scroll of brand weapon
 J - a scroll of silence
 L - 4 scrolls of summoning
 P - 2 scrolls of vulnerability {!r}
 S - 11 scrolls of enchant weapon
 U - 10 scrolls of immolation {!r}
 W - 3 scrolls of holy word
Potions
 f - 5 potions of cancellation
 o - a potion of brilliance
 u - 5 potions of resistance
 w - 5 potions of haste {@q3}
 A - a potion of ambrosia
 I - 5 potions of berserk rage
 N - 3 potions of lignification {!q}
 Q - 4 potions of might
 R - 5 potions of heal wounds {@q2}
 T - a potion of invisibility
 Z - 26 potions of curing {@q1}
Miscellaneous
 V - 4 phantom mirrors


   Skills:
 O Level 27 Fighting
 - Level 18.0 Axes
   Level 1.4 Slings
 - Level 10.0 Crossbows
 O Level 27 Armour
 O Level 27 Dodging
 - Level 8.8 Stealth
 - Level 17.3 Shields
 + Level 6.0 Spellcasting
 + Level 8.0 Necromancy
 - Level 8.0 Invocations


You had 37 spell levels left.
You knew the following spells:

 Your Spells              Type           Power        Failure   Level
u - Animate Skeleton      Necr           ###...       4%          1

Your spell library contained the following spells:

 Spells                   Type           Power        Failure   Level
 Pain                     Necr           ###.         4%          1
 Sublimation of Blood     Necr           ###.......   7%          2
 Vampiric Draining        Necr           ###.......   14%         3
 Animate Dead             Necr           ###.......   45%         4
 Apportation              Tloc           #.....       80%         1
 Beastly Appendage        Tmut           #.....       80%         1
 Corona                   Hex            #......      80%         1
 Foxfire                  Conj/Fire      #...         80%         1
 Freeze                   Ice            #...         80%         1
 Magic Dart               Conj           #...         80%         1
 Sandblast                Erth           #.....       80%         1
 Shock                    Conj/Air       #...         80%         1
 Sting                    Tmut/Pois      #...         80%         1
 Summon Small Mammal      Summ           #...         80%         1
 Agony                    Necr           ###.....     80%         5
 Blink                    Tloc           N/A          90%         2
 Call Imp                 Summ           #.......     90%         2
 Ensorcelled Hibernation  Hex/Ice        #.....       90%         2
 Passwall                 Tmut/Erth      #.......     90%         2
 Poisonous Vapours        Pois/Air       #.....       90%         2
 Searing Ray              Conj           #.....       90%         2
 Slow                     Hex            #.......     90%         2
 Swiftness                Air            #.......     90%         2
 Wereblood                Tmut           #.......     90%         2
 Call Canine Familiar     Summ           #.......     99%         3
 Confusing Touch          Hex            #.......     99%         3
 Conjure Flame            Conj/Fire      #.......     99%         3
 Dazzling Flash           Conj/Hex       #.....       99%         3
 Frozen Ramparts          Ice            #.....       99%         3
 Gell's Gravitas          Tloc           #.........   99%         3
 Ignite Poison            Fire/Tmut/Pois #.......     99%         3
 Inner Flame              Hex/Fire       #.......     99%         3
 Lesser Beckoning         Tloc           #.........   99%         3
 Mephitic Cloud           Conj/Pois/Air  #.......     99%         3
 Ozocubu's Armour         Ice            #.......     99%         3
 Portal Projectile        Hex/Tloc       #.....       99%         3
 Spider Form              Tmut/Pois      #.........   99%         3
 Static Discharge         Conj/Air       #.......     99%         3
 Stone Arrow              Conj/Erth      #.....       99%         3
 Summon Guardian Golem    Hex/Summ       #.......     99%         3
 Teleport Other           Tloc           #.......     99%         3
 Tukima's Dance           Hex            #.......     99%         3
 Airstrike                Air            #.........   100%        4
 Cause Fear               Hex            #.........   100%        4
 Fulminant Prism          Conj/Hex       #.........   100%        4
 Hailstorm                Conj/Ice       #.......     100%        4
 Ice Form                 Ice/Tmut       #.......     100%        4
 Iskenderun's Mystic Bla  Conj/Tloc      #.......     100%        4
 Leda's Liquefaction      Hex/Erth       #.........   100%        4
 Passage of Golubria      Tloc           N/A          100%        4
 Petrify                  Tmut/Erth      #.......     100%        4
 Sticky Flame             Conj/Fire      #.......     100%        4
 Summon Ice Beast         Ice/Summ       #.......     100%        4
 Summon Lightning Spire   Summ/Air       #.......     100%        4
 Alistair's Intoxication  Tmut/Pois      #........    100%        5
 Blade Hands              Tmut           #.........   100%        5
 Bolt of Magma            Conj/Fire/Erth #.........   100%        5
 Borgnjor's Vile Clutch   Necr/Erth      ##........   100%        5
 Irradiate                Conj/Tmut      #.........   100%        5
 Iskenderun's Battlesphe  Conj           #.......     100%        5
 Lee's Rapid Deconstruct  Erth           #.........   100%        5
 Lightning Bolt           Conj/Air       #.........   100%        5
 Metabolic Englaciation   Hex/Ice        #.........   100%        5
 Silence                  Hex/Air        #.........   100%        5
 Yara's Violent Unravell  Hex/Tmut       #.........   100%        5
 Conjure Ball Lightning   Conj/Air       #.........   100%        6
 Death Channel            Necr           ###.......   100%        6
 Eringya's Noxious Bog    Tmut/Pois      #.........   100%        6
 Freezing Cloud           Conj/Ice/Air   #.........   100%        6
 Invisibility             Hex            #.......     100%        6
 Iron Shot                Conj/Erth      #.........   100%        6
 Ozocubu's Refrigeration  Ice            #.........   100%        6
 Shadow Creatures         Summ           N/A          100%        6
 Simulacrum               Ice/Necr       ##........   100%        6
 Statue Form              Tmut/Erth      #........    100%        6
 Dragon Form              Tmut           #.........   100%        7
 Haunt                    Necr/Summ      ##........   100%        7
 Orb of Destruction       Conj           #.........   100%        7
 Summon Hydra             Summ           #.........   100%        7
 Borgnjor's Revivificati  Necr           ###.......   100%        8
 Chain Lightning          Conj/Air       #.........   100%        8
 Disjunction              Tloc           #.........   100%        8
 Ignition                 Fire           #.........   100%        8
 Infestation              Necr           ###.......   100%        8
 Lehudib's Crystal Spear  Conj/Erth      #.........   100%        8
 Necromutation            Tmut/Necr      ##........   100%        8
 Absolute Zero            Ice            #.........   100%        9
 Death's Door             Necr           ###.......   100%        9
 Dragon's Call            Summ           #.........   100%        9
 Fire Storm               Conj/Fire      #.........   100%        9
 Shatter                  Erth           #.........   100%        9
 Tornado                  Air            #.........   100%        9


Dungeon Overview and Level Annotations

Branches:
Dungeon (15/15)            Temple (0/1) D:7            Lair (6/6) D:9
 Shoals (4/4) Lair:2        Snake (4/4) Lair:4        Slime (5/5) Lair:5
    Orc (2/2) D:10            Elf (0/3) Orc:2        Vaults (5/5) D:13
  Crypt (0/3) Vaults:3     Depths (5/5) D:15           Hell (visited)
    Zot (5/5) Depths:5     Bailey (visited)           IceCv (visited)
    Dis: Hell:1         Geh: Hell:1         Coc: Hell:1         Tar: Hell:1

Altars:
Ashenzari
Dithmenos
Elyvilon
Gozag
Kikubaaqudgha
Okawaru
Qazlal
Ru
Vehumet
Wu Jian
Xom
Yredelemnul
Zin
The Shining One
Beogh
Jiyva

Shops:
D:9 (   Orc:1 (   Orc:2 [:*(   Snake:4 (   Vaults:2 [   Depths:1 (*[
Depths:2 *   Depths:4 }

Portals:
Hell: Depths:1 Depths:2 Depths:3 Depths:4 Depths:5
Abyss: Depths:4
Pandemonium: Depths:2 Depths:3
Ziggurat: Depths:5

Annotations:
D:6 2 transporters, tilp's ghost, novice SpEn
Lair:5 exclusion: 2 oklob plants
Snake:3 3 runed translucent doors, Heidaam's ghost, adept MiFi; Rifaon's ghost, adept DsBe
Pan Lom Lobon


Innate Abilities, Weirdness & Mutations

You have a pair of small antennae on your head.
You are partially covered in rugged brown scales. (AC +1, +3% HP)
You are partially covered in thin metallic scales. (AC +2)
You can translocate small distances at will.
Scrolls take you a little longer to read.
You are very clumsy. (Dex -4)
Armour fits poorly on your strangely shaped body.
Your body often deteriorates upon taking damage.
You are dopey. (Int -2)
You are extremely frail. (-30% HP)
Your magical capacity is very low. (-20% MP)
You occasionally shout uncontrollably at your foes.
You do not regenerate when monsters are visible.
You are very weak. (Str -4)
Potions are less effective at restoring your health.
Your spells are a little easier to cast, but a little less powerful.


Message History

You barely miss Lom Lobon. You slice the ball lightning!!
The ball lightning explodes!
The blast of lightning engulfs you. You resist.
* * * LOW HITPOINT WARNING * * *
The blast of lightning engulfs Lom Lobon.
Lom Lobon completely resists.
The blast of lightning engulfs the ball lightning.
The ball lightning completely resists.
You hear a shout!
The ball lightning explodes!
The blast of lightning engulfs Lom Lobon.
Lom Lobon completely resists.
The blast of lightning engulfs you but does no damage.
Lom Lobon completely misses you.
Unknown command.
You miss Lom Lobon.
Unknown command.
A red film seems to cover your vision as you go berserk!
Your finesse ends abruptly.
You feel yourself moving faster!
You feel mighty! Lom Lobon hits you.
* * * LOW HITPOINT WARNING * * *
You feel your power leaking away.
You completely miss Lom Lobon.
Unknown command.
You cut Lom Lobon into ribbons!!! The ice encasing you melts away.
Lom Lobon gestures at you.
Lom Lobon conjures a mighty blast of ice!
The great icy blast engulfs you!! You partially resist.
* * * LOW HITPOINT WARNING * * *
Your body deteriorates!
You feel weakened.
You are encased in ice.
Unknown command.
You block Lom Lobon's attack.
Unknown command.
You closely miss Lom Lobon.
Unknown command.
You slice Lom Lobon!!
Lom Lobon blinks!
The ice encasing you melts away.
You feel a strong urge to attack something.
You are no longer berserk.
You are exhausted.
You feel yourself slow down.
Your system partially rejects the healing.
You feel much better.
Really read with blurry vision while enemies are nearby?
You begin reading the scroll.
You continue reading the scroll.
Lom Lobon gestures at you.
Lom Lobon conjures a mighty blast of ice!
The great icy blast engulfs you!! You partially resist.
You die...

**** ##### ###
###...### ..##
##....)..## ...#
#.......§§##
...####......§§§§#
.≈..##......§§§§§##
≈≈≈..#.....§§§§§§.#
≈≈≈≈.&§...&§§§§§@.#
≈≈≈#.○§§...§§§§§..#
≈≈###○☼§§...§§§☼..#
≈## ##§☼°○...§§§..#
## #°§§☼....§§.## #
##§○☼°....§.#* #
#§§.○.§..°#+*
##○°..°☼.##,* ##
###.○§###,,*


You could see Lom Lobon (gusty).

Vanquished Creatures
  Cerebov (Pan)
  2 pandemonium lords (Pan)
  the Royal Jelly (Slime:5)
  Mnoleg (Pan)
  7 orbs of fire
  Mara (Vaults:5)
  8 ancient liches
  A juggernaut (Depths:5)
  3 curse toes
  6 Killer Klowns
  Geryon (Hell)
  Nikola (Vaults:1)
  2 profane servitors
  Jory (Depths:3)
  the Enchantress (Depths:4)
  12 golden dragons
  4 bone dragons
  7 liches
  3 Tzitzimimeh (Pan)
  7 electric golems
  A hellephant (Abyss:1)
  4 Brimstone Fiends (Pan)
  3 Hell Sentinels (Pan)
  19 tentacled monstrosities
  2 Ice Fiends (Pan)
  25 Orb Guardians
  Jorgrun (Orc:1)
  6 titans
  4 krakens
  9 quicksilver dragons
  22 acid blobs
  Gastronok (D:8)
  7 death cobs
  A thorn hunter (Depths:4)
  19 tentacled starspawn
  A sphinx (Vaults:5)
  Polyphemus (Shoals:2)
  Kirke (Shoals:3)
  8 tengu reavers
  3 warmongers (Pan)
  7 Executioners
  A daeva (Pan)
  11 storm dragons
  13 nagarajas (Snake:4)
  9 shadow dragons
  Donald (Shoals:3)
  Ilsuiw (Shoals:2)
  7 draconian monks
  11 azure jellies
  6 draconian knights
  3 fire giants
  15 frost giants
  2 orc warlords
  18 vault wardens
  7 draconian scorchers
  4 deep elf sorcerers
  3 ghost moths
  2 corrupters (Pan)
  3 iron dragons
  A blood saint (Pan)
  A black sun (Pan)
  A deep elf elementalist (Vaults:5)
  25 cacodemons
  A ghoul (Vaults:1)
  5 draconian stormcallers
  23 balrugs
  12 draconian shifters
  The ghost of Asimnicu the Devastator, a journeyman DrCj of Vehumet (D:13)
  13 draconian annihilators
  5 reapers
  20 ironheart preservers
  14 very ugly things
  An ophan (Abyss:5)
  3 spriggan defenders
  A vampire knight (Depths:2)
  4 entropy weavers
  10 stone giants
  5 war gargoyles
  5 deep elf demonologists
  18 green draconians
  Nessos (Lair:4)
  4 deep elf annihilators
  22 black draconians
  14 red draconians
  6 spark wasps
  6 white draconians
  16 yellow draconians
  A lorocyproca (Hell)
  16 purple draconians
  A dire elephant (Abyss:1)
  2 eidola
  10 blizzard demons
  8 death oozes
  6 merfolk javelineers
  Josephine (D:13)
  6 green deaths
  6 ettins
  9 deep elf death magi
  A quicksilver dragon zombie (Abyss:3)
  9 fire dragons
  4 merfolk impalers
  49 large abominations
  15 yaktaur captains
  6 deep elf high priests
  6 rakshasas
  5 monstrous demonspawn (Pan)
  10 hydras
  7 great orbs of eyes
  3 catoblepae
  37 vault guards
  14 ice dragons
  4 spriggan air magi
  26 naga warriors
  9 centaur warriors
  8 satyrs
  The ghost of Sassenached the Fighter, a novice DgWn (D:12)
  A merfolk aquamancer (Shoals:4)
  2 anacondas (Snake:3)
  5 merfolk avatars
  42 two-headed ogres
  A dancing weapon (Zot:2)
  6 tengu warriors
  5 death knights
  14 ogre magi
  Erica (D:9)
  12 deep troll shamans
  9 shock serpents
  2 vampire magi
  A titan zombie (Vaults:4)
  13 thrashing horrors
  11 deep troll earth magi
  8 death yaks
  2 orc high priests (Orc:2)
  5 spriggan berserkers
  4 soul eaters
  5 hell knights (Depths:4)
  8 deep elf knights
  17 naga sharpshooters
  26 small abominations
  4 spriggans
  An iron golem (Hell)
  12 wretched stars
  43 sun demons
  5 shadow wraiths
  2 iron trolls (Depths:1)
  4 spatial maelstroms
  32 sixfirhies
  2 salamander mystics
  8 skeletal warriors
  12 sea snakes
  3 gelid demonspawn
  2 shadow demons (Pan)
  A torturous demonspawn (Pan)
  30 deep trolls
  An unseen horror (shapeshifter) (D:14)
  3 unseen horrors
  2 quicksilver dragon simulacra (Depths:5)
  4 flayed ghosts
  5 naga ritualists (Snake:4)
  10 glowing orange brains
  5 infernal demonspawn (Pan)
  13 ironbrand convokers
  16 wizards
  A sphinx zombie (Vaults:2)
  7 deep elf archers
  A kraken simulacrum (Shoals:4)
  14 harpies
  6 phantasmal warriors
  3 necromancers
  12 orc knights
  20 deep elf magi
  An orb spider (shapeshifter) (Depths:2)
  8 cyclopes
  An oklob plant (Lair:4)
  A cyclops (shapeshifter) (Vaults:5)
  7 shining eyes
  3 mana vipers
  A faun (shapeshifter) (Vaults:2)
  4 orc sorcerers (Orc:2)
  35 ugly things
  25 fauns
  A moth of wrath (shapeshifter) (Vaults:3)
  10 manticores
  A wolf spider (Vaults:3)
  7 salamanders
  4 centaur zombies
  4 guardian serpents
  11 rust devils
  12 elephants
  6 worldbinders
  17 black mambas
  6 water nymphs
  7 merfolk sirens
  6 ice statues
  A fire giant skeleton (Abyss:5)
  10 eyes of devastation
  23 moths of wrath
  Maurice (D:9)
  3 apocalypse crabs
  A torpor snail (Lair:5)
  9 cane toads
  23 smoke demons
  A gargoyle (D:10)
  12 naga magi
  A guardian serpent (shapeshifter) (D:15)
  16 vault sentinels
  27 orange demons
  4 hellions
  A rime drake (Lair:5)
  4 komodo dragons
  69 yaktaurs
  12 efreet
  A yaktaur (shapeshifter) (Abyss:3)
  5 kobold demonologists
  6 tormentors
  A komodo dragon (shapeshifter) (Vaults:2)
  8 demonic crawlers
  10 freezing wraiths
  4 hellwings (Pan)
  10 ancient zymes
  An anaconda simulacrum (Abyss:2)
  A yaktaur skeleton (Vaults:2)
  23 red devils
  A harpy zombie (Abyss:2)
  2 jumping spiders
  13 ice devils
  2 queen bees (shapeshifter)
  A queen bee (Lair:2)
  3 trolls
  A shadow dragon simulacrum (Abyss:5)
  2 tengu conjurers
  A meliai (shapeshifter) (Vaults:3)
  2 polar bears (shapeshifter)
  22 merfolk
  Prince Ribbit (D:8)
  A tengu simulacrum (Vaults:4)
  3 polar bears
  12 blink frogs
  6 hornets
  A wolf spider simulacrum (D:14)
  7 wind drakes
  A blink frog (shapeshifter) (Depths:1)
  24 raiju
  9 hippogriffs
  A slime creature (shapeshifter) (Vaults:5)
  An alligator zombie (Abyss:3)
  A meliai zombie (D:13)
  2 stone giant simulacra
  7 dream sheep
  A dream sheep (shapeshifter) (Vaults:5)
  113 slime creatures
  An ettin zombie (Vaults:1)
  7 snapping turtles
  5 shadows
  13 flying skulls
  11 redbacks
  17 water elementals
  A yak (shapeshifter) (Vaults:2)
  20 ynoxinuls
  15 wraiths
  6 wyverns
  3 hogs (Shoals:3)
  28 yaks
  4 vampires
  2 tarantellas (shapeshifter)
  6 basilisks
  25 chaos spawn
  10 fire bats
  18 golden eyes
  2 human simulacra
  6 vampire mosquitoes
  A basilisk (shapeshifter) (D:13)
  22 neqoxecs
  2 spatial vortices (Abyss:2)
  7 wargs
  49 nagas
  A soldier ant (D:14)
  5 water moccasins
  8 hell hounds
  A floating eye (Pan)
  10 porcupines
  A black bear (shapeshifter) (Depths:1)
  63 orc warriors
  A porcupine (shapeshifter) (Vaults:5)
  A meliai simulacrum (D:15)
  2 sky beasts
  11 ice beasts
  5 black bears
  A phantom (D:6)
  An eye of draining (shapeshifter) (D:13)
  2 necrophages
  32 ogres
  10 eyes of draining
  5 boggarts (D:15)
  17 wolves
  33 centaurs
  15 crocodiles
  An elf skeleton (Vaults:4)
  An elf zombie (D:15)
  12 big kobolds
  15 bullfrogs
  2 earth elementals
  2 human skeletons (Vaults:2)
  2 wyvern skeletons
  2 scorpions
  35 killer bees
  A troll zombie (D:15)
  21 wights
  4 howler monkeys
  7 electric eels
  43 starcursed masses
  5 quasits
  2 bullfrog zombies
  6 human zombies (D:15)
  18 orc priests
  2 bullfrog skeletons
  9 hounds
  25 orc wizards
  4 centaur skeletons
  7 jellies
  2 iron imps
  Ijyb (D:5)
  6 worker ants
  5 iguanas
  2 hell rats (Lair:2)
  5 lightning spires (Zot:2)
  A killer bee zombie (D:8)
  2 ogre zombies (D:15)
  A hound zombie (D:8)
  2 howler monkey skeletons
  10 adders
  5 gnolls
  6 white imps
  3 ufetubi
  2 adder zombies (D:9)
  An ooze (D:7)
  2 adder skeletons (D:4)
  2 worms (D:3)
  4 ball lightnings (Pan)
  6 dart slugs
  5 leopard geckos
  100 orcs
  8 bats
  4 giant cockroaches
  15 goblins
  6 hobgoblins
  7 jackals
  22 kobolds
  13 quokkas
  2 ball pythons
  5 frilled lizards
  A quokka zombie (D:5)
  14 rats
  2 crawling corpses (Vaults:3)
  4 fungi
  15 plants
  25 starspawn tentacles
  7 tentacles
3096 creatures vanquished.

Vanquished Creatures (collateral kills)
  A storm dragon (Depths:5)
  A draconian monk (Depths:5)
  A draconian scorcher (Depths:5)
  A draconian annihilator (Depths:5)
  3 very ugly things (Depths:5)
  A stone giant (Vaults:5)
  A yellow draconian (Depths:5)
  2 ugly things (Depths:5)
  A plant (Lair:4)
12 creatures vanquished.

Vanquished Creatures (others)
  2 eldritch tentacles
  A nagaraja (Snake:4)
  A draconian stormcaller (Depths:5)
  A draconian annihilator (Zot:1)
  An ironheart preserver (Vaults:1)
  An ice dragon (Depths:3)
  A naga warrior (Snake:4)
  An ogre mage (Vaults:5)
  A thrashing horror (Abyss:3)
  A deep elf mage (Vaults:3)
  2 naga magi
  A blink frog (Lair:6)
  A neqoxec (Abyss:3)
  2 chaos spawn (Pan)
  A naga (Snake:4)
  A large abomination (Abyss:5)
  A hell hound (Hell)
  A porcupine (shapeshifter) (Vaults:5)
  A starcursed mass (Abyss:5)
  2 ogres
  An orc priest (Vaults:2)
  An orc wizard (Orc:1)
  An iron imp (Abyss:2)
  19 ball lightnings
  2 orcs (Vaults:2)
  A kobold (D:12)
  23 fungi
  3 lurking horrors
  59 plants
  40 starspawn tentacles
  29 tentacles
203 creatures vanquished.

Grand Total: 3311 creatures vanquished

Notes
Turn   | Place    | Note
-------+----------+-------------------------------------------
     0 | D:1      | Apogee the Hill Orc Monk began the quest for the Orb.
     0 | D:1      | Reached XP level 1. HP: 19/19 MP: 1/1
   142 | D:1      | Reached XP level 2. HP: 27/27 MP: 2/2
   439 | D:1      | Reached skill level 5 in Axes
   496 | D:1      | Reached XP level 3. HP: 27/33 MP: 3/3
  1339 | D:2      | Reached XP level 4. HP: 34/41 MP: 4/4
  1489 | D:2      | Found a glowing golden altar of the Shining One.
  1984 | D:2      | Found an iron altar of Okawaru.
  1993 | D:2      | Reached XP level 5. HP: 44/47 MP: 5/5
  2008 | D:2      | Became a worshipper of Warmaster Okawaru
  2008 | D:2      | Reached * piety under Okawaru
  2008 | D:2      | Reached ** piety under Okawaru
  2149 | D:3      | Found a shattered altar of Ashenzari.
  2323 | D:3      | Reached skill level 5 in Fighting
  3519 | D:4      | Reached XP level 6. HP: 56/56 MP: 6/6
  4320 | D:4      | Found a glowing silver altar of Zin.
  4437 | D:5      | Entered Level 5 of the Dungeon
  4473 | D:5      | Reached XP level 7. HP: 32/63 MP: 7/7
  5156 | D:5      | Noticed Ijyb
  5185 | D:5      | Killed Ijyb
  5552 | D:5      | Found a white marble altar of Elyvilon.
  6130 | D:6      | Reached skill level 10 in Axes
  6202 | D:6      | Reached XP level 8. HP: 53/73 MP: 8/8
  6337 | D:6      | Noticed tilp's ghost (novice SpEn)
  6373 | D:6      | Reached *** piety under Okawaru
  6591 | D:6      | Found a stormy altar of Qazlal.
  6810 | D:6      | Found a transporter.
  7010 | D:6      | Got a translucent leather armour
  7247 | D:6      | Found a transporter.
  7393 | D:7      | Found an ornate altar of the Wu Jian Council.
  7432 | D:7      | Found a staircase to the Ecumenical Temple.
  7457 | D:7      | Found a shimmering altar of Xom.
  8244 | D:7      | Found a shimmering altar of Xom.
  8244 | D:7      | Noticed a deep elf mage
  8251 | D:7      | Killed a deep elf mage
  8251 | D:7      | Reached **** piety under Okawaru
  8251 | D:7      | Reached XP level 9. HP: 52/82 MP: 9/9
  8824 | D:8      | Found an opulent altar of Gozag.
  8898 | D:8      | Noticed Prince Ribbit
  8915 | D:8      | Killed Prince Ribbit
  9298 | D:8      | Found a sacrificial altar of Ru.
  9307 | D:8      | Noticed a two-headed ogre
  9315 | D:8      | Killed a two-headed ogre
  9315 | D:8      | Reached skill level 10 in Fighting
  9331 | D:8      | Reached XP level 10. HP: 82/94 MP: 8/10
  9347 | D:8      | Reached ***** piety under Okawaru
  9682 | D:8      | Noticed Gastronok
  9682 | D:8      | Noticed a deep elf mage
  9697 | D:8      | Killed a deep elf mage
  9889 | D:8      | Killed Gastronok
  9889 | D:8      | Reached skill level 15 in Axes
 11427 | D:9      | Noticed a two-headed ogre
 11431 | D:8      | Identified the cursed +0 leather armour of Irut {rPois rC-
                  | rN+ Str-2 Int+7} (You found it on level 6 of the Dungeon)
 11499 | D:9      | Found Kiofamoz's Weapon Emporium.
 11530 | D:9      | Reached XP level 11. HP: 73/105 MP: 11/11
 11590 | D:9      | Killed a two-headed ogre
 11590 | D:9      | Received a gift from Okawaru
 12113 | D:9      | Noticed Erica
 12142 | D:9      | Killed Erica
 12203 | D:9      | Noticed Maurice
 12237 | D:9      | Reached skill level 1 in Invocations
 12281 | D:9      | Killed Maurice
 12520 | D:9      | Found a staircase to the Lair.
 12653 | D:9      | Got a slimy war axe
 12673 | D:9      | Identified the +2 war axe of Profit {flame, Int+6 Dex+4}
                  | (You found it on level 9 of the Dungeon)
 12882 | D:9      | Found a radiant altar of Vehumet.
 12944 | Lair:1   | Entered Level 1 of the Lair of Beasts
 13019 | Lair:1   | Noticed an eight-headed hydra
 13028 | Lair:1   | Killed a two-headed hydra
 13363 | Lair:1   | Reached skill level 1 in Shields
 13768 | Lair:1   | Received a gift from Okawaru
 13788 | Lair:1   | Reached skill level 15 in Fighting
 13788 | Lair:1   | Reached skill level 5 in Shields
 13788 | Lair:1   | Reached XP level 12. HP: 76/119 MP: 15/15
 13799 | Lair:1   | Reached skill level 1 in Armour
 15042 | Lair:2   | Reached skill level 5 in Armour
 15185 | Lair:2   | Got a transparent war axe
 15195 | Lair:2   | Identified the cursed +0 war axe "Duoleav" {vamp, rF- Str+5
                  | Int+3} (You found it on level 2 of the Lair of Beasts)
 15359 | Lair:2   | Found a staircase to the Shoals.
 16082 | Lair:3   | Got an ominously black robe
 16559 | Lair:3   | You are sucked into a shaft and drop 3 floors!
 16559 | Lair:6   | Entered Level 6 of the Lair of Beasts
 16633 | Lair:6   | Noticed a six-headed hydra
 16633 | Lair:6   | Noticed a four-headed hydra
 16655 | Lair:6   | Killed a one-headed hydra
 16664 | Lair:6   | Killed a one-headed hydra
 16669 | Lair:6   | Reached ****** piety under Okawaru
 16669 | Lair:6   | Received a gift from Okawaru
 17050 | Lair:6   | Noticed a catoblepas
 17099 | Lair:6   | Killed a catoblepas
 17099 | Lair:6   | Reached XP level 13. HP: 120/126 MP: 16/16
 17263 | Lair:6   | Reached skill level 10 in Shields
 17985 | Lair:6   | Found the +2 shield of Resistance {rF+ rC+ MR+}
 18066 | Lair:6   | Received a gift from Okawaru
 18293 | Lair:6   | Reached skill level 10 in Armour
 18924 | Lair:6   | Got a crude glass ring
 18925 | Lair:6   | Identified the ring "Yfucuse" {Wiz rElec MP+9} (You found
                  | it on level 6 of the Lair of Beasts)
 19263 | Lair:4   | Noticed Nessos
 19376 | Lair:4   | Killed Nessos
 20149 | Lair:4   | Found a staircase to the Snake Pit.
 20851 | Lair:5   | Got a turquoise-encrusted chain mail
 20857 | Lair:5   | Reached XP level 14. HP: 135/135 MP: 17/17
 20922 | Lair:5   | Found a staircase to the Slime Pits.
 20924 | Lair:5   | Found a viscous altar of Jiyva.
 21331 | Lair:5   | Found a runed translucent door.
 21562 | Lair:5   | Got a bound marble ring
 21563 | Lair:5   | Identified the ring "Pofopriabb" {+Inv rElec SInv} (You
                  | found it on level 5 of the Lair of Beasts)
 22189 | D:10     | Entered Level 10 of the Dungeon
 23332 | D:10     | Found a staircase to the Orcish Mines.
 23911 | D:10     | Identified the +9 chain mail of the Everdark {Harm *Slow
                  | rF+ Slay+3} (You found it on level 5 of the Lair of Beasts)
 24231 | D:11     | Found a frozen archway.
 24244 | IceCv    | Entered an ice cave
 24432 | IceCv    | Received a gift from Okawaru
 24618 | IceCv    | Got jacinth-studded ice dragon scales
 24639 | IceCv    | Identified the cursed +0 ice dragon scales "Touruz" {rF-
                  | rC++ Str+5 SInv} (You found it in an ice cave)
 25479 | D:12     | Found a flagged portal.
 25491 | Bailey   | Entered a bailey
 26071 | Bailey   | Found a roughly hewn altar of Beogh.
 26098 | Bailey   | Got an iridescent bardiche
 26721 | D:12     | Received a gift from Okawaru
 26862 | D:12     | Found a runed translucent gate.
 26869 | D:12     | Found a runed translucent gate.
 26870 | D:12     | Found a runed translucent gate.
 27064 | D:12     | Noticed Sassenached's ghost (novice DgWn)
 27076 | D:12     | Reached XP level 15. HP: 135/141 MP: 18/18
 27093 | D:12     | Killed Sassenached's ghost
 27225 | D:12     | Got a brightly glowing turquoise ring
 27227 | D:12     | Identified the ring "Rolel" {rF++ rN+ Stlth-} (You found it
                  | on level 12 of the Dungeon)
 27258 | D:12     | Identified a scroll of acquirement
 27258 | D:12     | Acquired the +2 cloak of the Wasteland {Regen+ Int+4}
 27674 | D:13     | Noticed Josephine
 27689 | D:13     | Killed Josephine
 27812 | D:13     | Found a gate to the Vaults.
 27834 | D:13     | Reached skill level 15 in Shields
 27900 | D:13     | Found a shattered altar of Ashenzari.
 28012 | D:13     | Found a runed translucent gate.
 28012 | D:13     | Found a runed translucent gate.
 28013 | D:13     | Found a runed translucent gate.
 28015 | D:13     | Noticed Asimnicu's ghost (journeyman DrCj)
 28267 | D:13     | Killed Asimnicu's ghost
 28680 | D:14     | Received a gift from Okawaru
 29467 | D:15     | Entered Level 15 of the Dungeon
 29618 | D:15     | Reached skill level 15 in Armour
 29628 | D:15     | Reached skill level 5 in Dodging
 29682 | D:15     | Got a translucent short sword
 29796 | D:15     | Paralysed by an ogre mage for 4 turns
 29939 | D:15     | Found an ancient bone altar of Kikubaaqudgha.
 30231 | D:15     | Found a staircase to the Depths.
 30231 | D:15     | Noticed a frost giant
 30245 | D:15     | Killed a frost giant
 30661 | Lair:4   | Reached XP level 16. HP: 108/149 MP: 19/19
 30718 | Snake:1  | Entered Level 1 of the Snake Pit
 30861 | Snake:1  | Got a crude bone ring
 30868 | Snake:1  | Identified the cursed ring of Godog {Str+3 Int-4} (You
                  | found it on level 1 of the Snake Pit)
 30964 | Snake:1  | Received a gift from Okawaru
 32007 | Snake:3  | Found an iron altar of Okawaru.
 32057 | Snake:3  | Found a runed translucent gate.
 32057 | Snake:3  | Found a runed translucent gate.
 32068 | Snake:3  | Reached skill level 5 in Invocations
 32086 | Snake:3  | Found a runed translucent gate.
 32087 | Snake:3  | Noticed Heidaam's ghost (adept MiFi)
 32087 | Snake:3  | Noticed Rifaon's ghost (adept DsBe)
 32875 | Snake:4  | Entered Level 4 of the Snake Pit
 33227 | Snake:4  | Noticed a nagaraja
 33302 | Snake:4  | Killed a nagaraja
 33640 | Snake:4  | Reached skill level 10 in Dodging
 33953 | D:9      | Bought the +3 hunting sling of the Penguin {vorpal, *Contam
                  | rN+++ MP+9 Str-4} for 651 gold pieces
 34539 | Snake:4  | Found Ypejyemu's Weapon Shoppe.
 35006 | Snake:4  | Reached skill level 1 in Slings
 35021 | Snake:4  | Received a gift from Okawaru
 35167 | Snake:4  | Bought the +6 hand crossbow of Propriety {flame, Dex+3} for
                  | 744 gold pieces
 35241 | Snake:4  | Noticed a nagaraja
 35264 | Snake:4  | Killed a nagaraja
 35749 | Snake:4  | Noticed a nagaraja
 35765 | Snake:4  | Killed a nagaraja
 35838 | Snake:4  | Reached XP level 17. HP: 76/158 MP: 23/23
 36614 | Snake:4  | Received a gift from Okawaru
 37877 | Snake:4  | Got a serpentine rune of Zot
 38182 | Orc:1    | Entered Level 1 of the Orcish Mines
 38182 | Orc:1    | Noticed Jorgrun
 38193 | Orc:1    | Killed Jorgrun
 38193 | Orc:1    | Received a gift from Okawaru
 38326 | Orc:1    | Reached skill level 1 in Crossbows
 38435 | Orc:1    | Found Rypil's Weapon Emporium.
 38650 | Orc:2    | Entered Level 2 of the Orcish Mines
 38882 | Orc:2    | Received a gift from Okawaru
 38882 | Orc:2    | Reached XP level 18. HP: 109/171 MP: 24/24
 38997 | Orc:2    | Found Bowicw's Antique Armour Emporium.
 39081 | Orc:2    | Found a roughly hewn altar of Beogh.
 39110 | Orc:2    | Found Meokk's Antique Weapon Shoppe.
 39210 | Orc:2    | Bought a bone arbalest for 275 gold pieces
 39230 | Orc:2    | Found Kidd's General Store.
 39254 | Orc:2    | Found Plog's Book Boutique.
 39269 | Orc:2    | Found a staircase to the Elven Halls.
 39764 | Shoals:1 | Entered Level 1 of the Shoals
 39768 | Shoals:1 | Reached skill level 5 in Crossbows
 40049 | Shoals:1 | Got a bone dagger
 41223 | Shoals:2 | Noticed Polyphemus
 41269 | Shoals:2 | Killed Polyphemus
 41646 | Shoals:2 | Noticed Ilsuiw
 41685 | Shoals:2 | Killed Ilsuiw
 41685 | Shoals:2 | Received a gift from Okawaru
 42070 | Shoals:3 | Noticed Donald
 42121 | Shoals:3 | Killed Donald
 42363 | Shoals:3 | Reached skill level 10 in Crossbows
 43036 | Shoals:3 | Noticed Kirke
 43058 | Shoals:3 | Killed Kirke
 43106 | Shoals:3 | Reached XP level 19. HP: 165/179 MP: 25/25
 43264 | Shoals:4 | Entered Level 4 of the Shoals
 43388 | Shoals:4 | Identified the cursed ring of Rumeteirph {+Inv +Fly AC-4
                  | Int+5}
 43654 | Shoals:4 | Received a gift from Okawaru
 43700 | Shoals:4 | Got a creamy pearl robe {god gift}
 44062 | Shoals:4 | Got a barnacled rune of Zot
 44980 | Depths:1 | Entered Level 1 of the Depths
 45250 | Depths:1 | Found Iblalap's Antique Armour Shoppe.
 45250 | Depths:1 | Found Miroowno's General Store.
 45254 | Depths:1 | Found Ximin's Antique Weapon Shoppe.
 45574 | Depths:1 | Received a gift from Okawaru
 46490 | Depths:1 | Found a gateway to Hell.
 46501 | Depths:1 | Noticed a lich
 46520 | Depths:1 | Killed a lich
 46812 | Depths:2 | Reached XP level 20. HP: 193/193 MP: 26/26
 47382 | Depths:2 | Found Uxkeutuu's General Store.
 47621 | Depths:2 | Found a one-way gate leading to the halls of Pandemonium.
 47721 | Depths:2 | Received a gift from Okawaru
 47725 | Depths:2 | Acquired 1430 gold pieces
 49872 | Depths:3 | Noticed an ancient lich
 49925 | Depths:3 | Killed an ancient lich
 49925 | Depths:3 | Received a gift from Okawaru
 49944 | Depths:3 | Got a slimy trident
 49948 | Depths:3 | Got a crude scimitar
 50425 | Depths:4 | Noticed Jory
 50734 | Depths:3 | Killed Jory
 51045 | Depths:4 | Found Uhoomudd's Gadget Shop.
 51071 | Depths:4 | Found a one-way gate to the infinite horrors of the Abyss.
 51181 | Depths:4 | Reached XP level 21. HP: 204/204 MP: 27/27
 51195 | Depths:4 | Received a gift from Okawaru
 51656 | Depths:4 | Paralysed by an ogre mage for 4 turns
 51840 | Depths:4 | Received a gift from Okawaru
 51989 | Depths:4 | Found a shimmering altar of Xom.
 52204 | Depths:4 | Noticed the Enchantress
 52241 | Depths:4 | Killed the Enchantress
 52245 | Depths:4 | Received a gift from Okawaru
 52589 | Depths:4 | Received a gift from Okawaru
 53056 | Depths:5 | Entered Level 5 of the Depths
 53507 | Depths:5 | Found a sacrificial altar of Ru.
 53653 | Depths:5 | Got a transparent robe
 53685 | Depths:5 | Noticed a golden dragon
 53702 | Depths:5 | Killed a golden dragon
 53827 | Depths:5 | Found a shadowy altar of Dithmenos.
 53827 | Depths:5 | Found a gateway to a ziggurat.
 53863 | Depths:5 | Received a gift from Okawaru
 53922 | Depths:5 | Received a gift from Okawaru
 54176 | Depths:5 | Received a gift from Okawaru
 54642 | Depths:5 | Noticed a bone dragon
 54674 | Depths:5 | Killed a bone dragon
 54674 | Depths:5 | Reached XP level 22. HP: 129/215 MP: 23/28
 54789 | Depths:5 | Noticed a golden dragon
 54806 | Depths:5 | Killed a golden dragon
 54811 | Depths:5 | Found an ancient bone altar of Kikubaaqudgha.
 54978 | Depths:5 | Noticed a juggernaut
 55005 | Depths:5 | Killed a juggernaut
 55005 | Depths:5 | Reached skill level 15 in Dodging
 55190 | Depths:5 | Got a scorched plate armour
 55254 | Depths:5 | Found a gate to the Realm of Zot.
 55327 | Depths:5 | Received a gift from Okawaru
 55398 | Depths:5 | Got a bone broad axe {god gift}
 55408 | Depths:5 | Identified the +11 broad axe of Anarchy {vorpal, Int+4}
                  | (Okawaru gifted it to you on level 5 of the Depths)
 55597 | Depths:5 | Identified the +16 plate armour of Dishonour {rPois rC++
                  | rCorr Int-4} (You found it on level 5 of the Depths)
 55686 | Depths:5 | Found a basalt altar of Yredelemnul.
 56133 | Vaults:1 | Entered Level 1 of the Vaults
 56719 | Vaults:1 | Received a gift from Okawaru
 56818 | Vaults:1 | Identified the Papyrus of the Floating Escort
 56882 | Vaults:1 | Noticed Nikola
 56899 | Vaults:1 | Killed Nikola
 57207 | Vaults:1 | Reached XP level 23. HP: 229/229 MP: 29/29
 57267 | Vaults:1 | Found a radiant altar of Vehumet.
 57480 | Vaults:1 | Found a portal to a secret trove of treasure.
 58341 | Vaults:2 | Received a gift from Okawaru
 58342 | Vaults:2 | Got a fine hat {god gift}
 58353 | Vaults:2 | Identified the +2 hat "Jeybesum" {rF+} (Okawaru gifted it
                  | to you on level 2 of the Vaults)
 58699 | Vaults:2 | You fall into a shaft and drop 2 floors!
 58788 | Vaults:4 | Got a spiked scale mail
 59416 | Vaults:4 | Got an ichor-stained leather armour
 60175 | Vaults:3 | Received a gift from Okawaru
 60270 | Vaults:3 | Received a gift from Okawaru
 60271 | Vaults:3 | Got a pair of dazzling gloves {god gift}
 60282 | Vaults:3 | Identified the +0 pair of gloves of Cynicism {MR+ SInv}
                  | (Okawaru gifted it to you on level 3 of the Vaults)
 60478 | Vaults:3 | Reached XP level 24. HP: 247/247 MP: 29/29
 60711 | Vaults:3 | Reached skill level 27 in Fighting
 61829 | Vaults:3 | Found a staircase to the Crypt.
 61866 | Vaults:2 | Found Isuxylof's Armour Shop.
 62283 | Vaults:2 | Got a warped plate armour
 62413 | Vaults:5 | Entered Level 5 of the Vaults
 62417 | Vaults:5 | Received a gift from Okawaru
 62440 | Vaults:5 | Noticed Mara
 62458 | Vaults:5 | Noticed Apogee's illusion
 62502 | Vaults:5 | Killed Mara
 62650 | Vaults:5 | Received a gift from Okawaru
 62753 | Vaults:5 | Got an encrusted demon blade {god gift}
 62757 | Vaults:5 | Identified the +3 plate armour of Pleasant Breezes {rF+ rN+
                  | MR+ Stlth-} (You found it on level 2 of the Vaults)
 63063 | Vaults:5 | Reached XP level 25. HP: 59/257 MP: 23/29
 63358 | Vaults:5 | Got a silver rune of Zot
 64043 | Vaults:5 | Identified the Compendium of Orientation
 64048 | Vaults:5 | Identified the Handbook of Feathers and Damage Dealing
 64062 | Vaults:5 | Got a jewelled plate armour
 64065 | Vaults:5 | Identified the +10 plate armour of Fohophuv {+Inv rF+} (You
                  | found it on level 5 of the Vaults)
 64392 | Vaults:5 | Noticed an ancient lich
 64411 | Vaults:5 | Killed an ancient lich
 64411 | Vaults:5 | Received a gift from Okawaru
 64477 | Vaults:5 | Received a gift from Okawaru
 64694 | Vaults:5 | Identified the Almanac of Poisonous Conjuration
 65395 | Vaults:1 | You paid a toll of +4 storm dragon scales to enter a
                  | treasure trove
 65396 | Trove    | Entered a treasure trove
 65431 | Trove    | Identified Sif Muna's Disquisition on Companions and
                  | Confrontation
 65813 | Slime:1  | Entered Level 1 of the Pits of Slime
 66041 | Slime:5  | Entered Level 5 of the Pits of Slime
 66232 | Slime:5  | Noticed the Royal Jelly
 67068 | Slime:3  | Gained mutation: Your spells are a little easier to cast,
                  | but a little less powerful. [a shining eye]
 67075 | Slime:3  | Gained mutation: Your body sometimes deteriorates upon
                  | taking damage. [a shining eye]
 67080 | Slime:3  | Gained mutation: You are clumsy. (Dex -2) [a shining eye]
 67082 | Slime:3  | Reached XP level 26. HP: 258/266 MP: 21/29
 67091 | Slime:3  | You fall into a shaft and drop 1 floor!
 67134 | Slime:3  | Received a gift from Okawaru
 67386 | Slime:5  | Gained mutation: You are dopey. (Int -2) [a shining eye]
 68029 | Zot:1    | Entered Level 1 of the Realm of Zot
 68856 | Zot:1    | Reached skill level 27 in Armour
 68948 | Zot:1    | Noticed an orb of fire
 68956 | Zot:1    | Gained mutation: You have supernaturally acute eyesight.
                  | (SInv) [an orb of fire]
 68959 | Zot:1    | Killed an orb of fire
 68959 | Zot:1    | Received a gift from Okawaru
 69047 | Zot:1    | Received a gift from Okawaru
 69524 | Depths:1 | Bought a scroll of enchant armour for 165 gold pieces
 69580 | Depths:2 | Bought a scroll of enchant armour for 135 gold pieces
 70843 | Zot:2    | Reached XP level 27. HP: 240/271 MP: 1/29
 71180 | Zot:2    | Received a gift from Okawaru
 71736 | Zot:2    | Received a gift from Okawaru
 71955 | Zot:3    | Received a gift from Okawaru
 71975 | Zot:3    | Received a gift from Okawaru
 71976 | Zot:3    | Found the +14 obsidian axe {vorpal, +Fly SInv *Curse}
 72451 | Zot:3    | Received a gift from Okawaru
 72503 | Zot:3    | Noticed an orb of fire
 72504 | Zot:3    | Gained mutation: You occasionally shout uncontrollably at
                  | your foes. [an orb of fire]
 72512 | Zot:3    | Noticed an orb of fire
 72513 | Zot:3    | Gained mutation: You tend to lose your temper in combat.
                  | [an orb of fire]
 72527 | Zot:3    | Killed an orb of fire
 72535 | Zot:3    | Killed an orb of fire
 72590 | Zot:3    | Lost mutation: You occasionally shout uncontrollably at
                  | your foes. [potion of mutation]
 72590 | Zot:3    | Lost mutation: Your body sometimes deteriorates upon taking
                  | damage. [potion of mutation]
 72590 | Zot:3    | Lost mutation: Your spells are a little easier to cast, but
                  | a little less powerful. [potion of mutation]
 72590 | Zot:3    | Gained mutation: Your magical capacity is low. (-10% MP)
                  | [potion of mutation]
 72590 | Zot:3    | Gained mutation: You are frail. (-10% HP) [potion of
                  | mutation]
 72590 | Zot:3    | Lost mutation: You tend to lose your temper in combat.
                  | [potion of mutation]
 72590 | Zot:3    | Gained mutation: You are partially covered in thin metallic
                  | scales. (AC +2) [potion of mutation]
 73755 | Zot:4    | Received a gift from Okawaru
 74060 | Zot:5    | Entered Level 5 of the Realm of Zot
 74177 | Zot:5    | Noticed an orb of fire
 74178 | Zot:5    | Gained mutation: You are weak. (Str -2) [an orb of fire]
 74189 | Zot:5    | Lost mutation: You are clumsy. (Dex -2) [an orb of fire]
 74190 | Zot:5    | Gained mutation: Potions are less effective at restoring
                  | your health. [an orb of fire]
 74199 | Zot:5    | Gained mutation: Your body sometimes deteriorates upon
                  | taking damage. [an orb of fire]
 74201 | Zot:5    | Killed an orb of fire
 74201 | Zot:5    | Received a gift from Okawaru
 75494 | Zot:5    | Lost mutation: Your magical capacity is low. (-10% MP)
                  | [potion of mutation]
 75494 | Zot:5    | Lost mutation: You are weak. (Str -2) [potion of mutation]
 75494 | Zot:5    | Gained mutation: You can translocate small distances at
                  | will. [potion of mutation]
 75494 | Zot:5    | Gained mutation: You have a pair of small antennae on your
                  | head. [potion of mutation]
 75494 | Zot:5    | Lost mutation: You are frail. (-10% HP) [potion of
                  | mutation]
 75695 | Zot:5    | Got a scorched buckler
 75879 | Zot:5    | Noticed an orb of fire
 75879 | Zot:5    | Noticed an orb of fire
 75896 | Zot:5    | Noticed an ancient lich
 75898 | Zot:5    | Killed an orb of fire
 75899 | Zot:5    | Noticed an ancient lich
 75903 | Zot:5    | Noticed an orb of fire
 75905 | Zot:5    | Noticed an ancient lich
 75928 | Zot:5    | Killed an orb of fire
 75928 | Zot:5    | Received a gift from Okawaru
 75935 | Zot:5    | Killed an ancient lich
 75943 | Zot:5    | Killed an orb of fire
 75952 | Zot:5    | Noticed an ancient lich
 75956 | Zot:5    | Noticed an ancient lich
 76236 | Zot:4    | Killed an ancient lich
 76460 | Zot:4    | Killed an ancient lich
 76466 | Zot:4    | Killed an ancient lich
 76466 | Zot:4    | Received a gift from Okawaru
 76470 | Zot:4    | Got a pair of faintly glowing boots {god gift}
 76481 | Zot:4    | Identified the +0 pair of boots of Jacyfici {rCorr Slay+3}
                  | (Okawaru gifted it to you on level 4 of the Realm of Zot)
 76550 | Zot:5    | Killed an ancient lich
 76720 | Zot:5    | Got a fine longbow {god gift}
 76724 | Zot:5    | Noticed an ancient lich
 76736 | Zot:5    | Killed an ancient lich
 77005 | Zot:5    | Received a gift from Okawaru
 78725 | Slime:5  | Killed the Royal Jelly
 78763 | Slime:5  | Found the +10 morningstar "Eos" {elec, Halo rElec}
 78782 | Slime:5  | Got a slimy rune of Zot
 78793 | Slime:5  | Got a smoking ivory ring
 78801 | Slime:5  | Got a pair of slimy gloves
 78830 | Slime:5  | Identified the -2 pair of gloves of the Moon {Harm Str+2
                  | Dex-2 SInv} (You found it on level 5 of the Pits of Slime)
 78831 | Slime:5  | Identified the ring of Youthful Indiscretion {Ice Dex+4
                  | Slay+2} (You found it on level 5 of the Pits of Slime)
 78833 | Slime:5  | Got a translucent iron amulet
 78834 | Slime:5  | Identified the amulet "Nagymill" {Faith Fragile rPois
                  | Int+2} (You found it on level 5 of the Pits of Slime)
 79298 | Depths:4 | Voluntarily entered the Abyss.
 79911 | Abyss:2  | Found a corrupted altar of Lugonu.
 80125 | Abyss:3  | Received a gift from Okawaru
 80126 | Abyss:3  | Got a fine chain mail {god gift}
 80442 | Abyss:3  | Found a corrupted altar of Lugonu.
 80546 | Abyss:3  | Gained mutation: You are weak. (Str -2) [a neqoxec]
 80588 | Abyss:3  | Found a corrupted altar of Lugonu.
 80693 | Abyss:5  | Entered Level 5 of the Abyss
 81035 | Depths:4 | Escaped the Abyss
 81201 | Depths:4 | Lost mutation: Your body sometimes deteriorates upon taking
                  | damage. [potion of mutation]
 81201 | Depths:4 | Lost mutation: You are dopey. (Int -2) [potion of mutation]
 81201 | Depths:4 | Lost mutation: You are weak. (Str -2) [potion of mutation]
 81201 | Depths:4 | Gained mutation: You are partially covered in rugged brown
                  | scales. (AC +1, +3% HP) [potion of mutation]
 81203 | Depths:4 | Voluntarily entered the Abyss.
 81236 | Abyss:1  | Paralysed by accursed screaming for 1 turns
 81448 | Abyss:1  | Paralysed by accursed screaming for 1 turns
 81464 | Abyss:1  | Paralysed by accursed screaming for 1 turns
 81715 | Abyss:1  | Received a gift from Okawaru
 81852 | Abyss:1  | Received a gift from Okawaru
 82092 | Abyss:2  | Found a radiant altar of Vehumet.
 82524 | Abyss:3  | Got a creamy pearl robe
 82678 | Abyss:3  | Received a gift from Okawaru
 82690 | Abyss:3  | Identified the +7 chain mail "Jimagg" {rPois rF+ rN++
                  | Int-3} (Okawaru gifted it to you on level 3 of the Abyss)
 82691 | Abyss:3  | Got a jewelled plate armour {god gift}
 82692 | Abyss:3  | Identified the +0 plate armour "Fuas" {Int+2 SInv} (Okawaru
                  | gifted it to you on level 3 of the Abyss)
 82777 | Abyss:3  | Gained mutation: Your magical capacity is low. (-10% MP) [a
                  | neqoxec]
 82779 | Depths:4 | Escaped the Abyss
 82966 | Hell     | Entered the Vestibule of Hell
 82966 | Hell     | Noticed Geryon
 83017 | Hell     | Killed Geryon
 83227 | Pan      | Entered Pandemonium
 83856 | Pan      | Noticed Kyfeileh the pandemonium lord
 83903 | Pan      | Killed Kyfeileh the pandemonium lord
 83903 | Pan      | Received a gift from Okawaru
 83973 | Pan      | Got a glittering bronze ring
 83974 | Pan      | Identified the ring of Conformity {rC+ Str+3 Dex+5} (You
                  | found it in Pandemonium)
 84324 | Pan      | Entered the realm of Cerebov.
 84352 | Pan      | Identified the +6 sword of Cerebov {flame}
 84352 | Pan      | Noticed Cerebov
 84816 | Pan      | Identified the ring of Scepticism {*Tele +Fly rElec Int+2}
 85249 | Pan      | Got a heavily runed golden ring
 85251 | Pan      | Identified the ring of Temptation {*Tele rN+ Str+4} (You
                  | found it in Pandemonium)
 85423 | Pan      | Got a glittering granite ring
 85430 | Pan      | Identified the ring of Natahed {rF+ MR+ Int+4} (You found
                  | it in Pandemonium)
 85449 | Pan      | Identified the Incunabulum of Blistering Snow
 85643 | Pan      | Killed Cerebov
 85643 | Pan      | Reached skill level 27 in Dodging
 85650 | Pan      | Identified the cursed +3 hand crossbow of Satyriasis
                  | {flame, MR+}
 85659 | Pan      | Received a gift from Okawaru
 85817 | Pan      | Received a gift from Okawaru
 85824 | Pan      | Got a scorched hat {god gift}
 85918 | Pan      | Reached skill level 5 in Stealth
 86206 | Pan      | Got a fiery rune of Zot
 86618 | Pan      | Noticed Ciehawk the pandemonium lord
 87114 | Pan      | Killed Ciehawk the pandemonium lord
 87572 | Pan      | Received a gift from Okawaru
 87874 | Pan      | Gained mutation: You are frail. (-10% HP) [a cacodemon]
 87901 | Pan      | Received a gift from Okawaru
 87930 | Pan      | Learned a level 1 spell: Animate Skeleton
 87944 | Pan      | Entered the realm of Mnoleg.
 87952 | Pan      | Gained mutation: You are weak. (Str -2) [a neqoxec]
 87957 | Pan      | Gained mutation: You are very weak. (Str -4) [a cacodemon]
 87959 | Pan      | Reached skill level 1 in Necromancy
 87961 | Pan      | Reached skill level 1 in Spellcasting
 88072 | Pan      | Identified the +0 hat of Wasted Space {*Drain Int+4 Stlth+}
                  | (Okawaru gifted it to you in Pandemonium)
 88146 | Pan      | Gained mutation: You are very frail. (-20% HP) [a neqoxec]
 88204 | Pan      | Gained mutation: You are dopey. (Int -2) [a cacodemon]
 88418 | Pan      | Gained mutation: You are extremely frail. (-30% HP) [a
                  | shining eye]
 88426 | Pan      | Gained mutation: You occasionally shout uncontrollably at
                  | your foes. [a neqoxec]
 88442 | Pan      | Paralysed by a floating eye for 3 turns
 88445 | Pan      | Gained mutation: Your magical capacity is very low. (-20%
                  | MP) [a cacodemon]
 88449 | Pan      | Paralysed by a floating eye for 2 turns
 88472 | Pan      | Lost mutation: You have supernaturally acute eyesight.
                  | (SInv) [a shining eye]
 88541 | Pan      | Gained mutation: Scrolls take you a little longer to read.
                  | [a cacodemon]
 88568 | Pan      | Gained mutation: Your spells are a little easier to cast,
                  | but a little less powerful. [a cacodemon]
 88587 | Pan      | Gained mutation: Your body sometimes deteriorates upon
                  | taking damage. [a neqoxec]
 88592 | Pan      | Noticed Mnoleg
 88643 | Pan      | Killed Mnoleg
 88657 | Pan      | Gained mutation: You are clumsy. (Dex -2) [a cacodemon]
 88661 | Pan      | Reached skill level 5 in Necromancy
 88686 | Pan      | Gained mutation: Your body often deteriorates upon taking
                  | damage. [a cacodemon]
 88688 | Pan      | Received a gift from Okawaru
 88742 | Pan      | Gained mutation: Armour fits poorly on your strangely
                  | shaped body. [a cacodemon]
 88752 | Pan      | Gained mutation: You are very clumsy. (Dex -4) [a shining
                  | eye]
 88781 | Pan      | Gained mutation: You do not regenerate when monsters are
                  | visible. [a cacodemon]
 88855 | Pan      | Reached skill level 5 in Spellcasting
 88944 | Pan      | Got a dazzling rapier
 89049 | Pan      | Got a scorched spear
 89111 | Pan      | Got a glowing rune of Zot
 89303 | Pan      | Entered the realm of Lom Lobon.
 89324 | Pan      | Received a gift from Okawaru
 89544 | Pan      | Noticed Lom Lobon
 89585 | Pan      | HP: 4/295 [Lom Lobon/great icy blast (35)]
 89596 | Pan      | Killed from afar by Lom Lobon

Illustrated notes

Levels and vault maps discovered:
D:1:      dpeg_arrival_tiny_d, layout_rooms, serial_glass, glass_columns_c,
          glass_columns_b, glass_columns_b, glass_columns_a, glass_columns_c,
          glass_columns_a, glass_columns_b, glass_columns_a, st_stairs_5,
          serial_park_tiny_2
D:2:      layout_loops_ring, okawaru_altar_gauntlet_db, old_standard_altar
D:3:      layout_basic, cheibrodos_ashenzari_chains
D:4:      cheibrodos_quashed, layout_rooms, zin_scriptorium, kennysheep_dice
D:5:      layout_basic, elyvilon_altar_3, uniq_ijyb
D:6:      layout_cave_pods, gammafunk_ghost_stat_death, basic_altar,
          minmay_misc_feat_diagonals
D:7:      minmay_general_purpose_star, layout_basic, minitemple,
          minmay_temple_entry_waves, david_defended_altar_elf
D:8:      layout_loops_ring, grunt_gozag_statues, lemuel_round_altar,
          grunt_ministairs_4, grunt_ogre_cave, minmay_orc_keep,
          uniq_prince_ribbit1, uniq_gastronok
D:9:      layout_cave_pools, marbit_many_paths, minmay_lair_entry_grove,
          serial_shops, shop, minmay_stone_trees_medium, uniq_maurice,
          uniq_erica
D:10:     layout_cave_pods, erik_orc_2, minmay_beelzebubs_servants
D:11:     layout_basic, portal_ice_cave_entry_pillars_2, kennysheep_boxes
D:12:     layout_stronghold, enter_bailey_3, gammafunk_ghost_spectres
D:13:     layout_basic, david_vaults_2, gammafunk_ghost_nasty_kobolds,
          small_statue_intersection, chequers_serial_rivers_micro_e,
          kennysheep_decorative_pillar, lemuel_centaur_altar, uniq_josephine
D:14:     layout_layer_cave, minmay_misc_feat_pillars, kb_rosetta
D:15:     grunt_enter_depths_snipers, layout_long_grid, serial_bayou_pond_d,
          lemuel_mausoleum_altar_kikubaaqudgha
Lair:1:   layout_regular_city
Lair:2:   regret_index_combs_of_tragedy, layout_misc_corridors,
          shoals_dummy_entry, minmay_holes, serial_bayou_pond_e
Lair:3:   layout_cave_pods, serial_bayou_lake_a, serial_bayou_shore_a,
          grunt_megastairs_2
Lair:4:   layout_gridlike, guppyfry_snake_entry_garden, beast_lair_carwin_2,
          uniq_nessos
Lair:5:   layout_cave_pods, slime_altar_1, serial_bayou_lagoon_a,
          pf_torpor_hydra, minmay_lair_oklob_chamber
Lair:6:   grunt_lair_end_beastmaster, layout_loops_ring, st_stairs_10,
          grunt_megastairs_1
Shoals:1: layout_shoals
Shoals:2: layout_shoals, uniq_ilsuiw, uniq_polyphemus
Shoals:3: layout_shoals, uniq_donald, uniq_kirke
Shoals:4: shoals_end_grunt_ice, layout_shoals
Snake:1:  layout_rooms, serial_bayou_ford_a, chequers_hall_statues_wall_a,
          hangedman_snake_pattern, nicolae_snake_squiggles
Snake:2:  layout_cave_shapes
Snake:3:  layout_onion, basic_altar, gammafunk_ghost_cemetery
Snake:4:  grunt_snake_rune_spirals, layout_onion, serial_shops, shop
Slime:1:  layout_caves
Slime:2:  layout_caves
Slime:3:  layout_caves
Slime:4:  layout_caves
Slime:5
Orc:1:    layout_caves, serial_shops, shop, uniq_jorgrun
Orc:2:    grunt_orc_gardens, layout_caves, grunt_orc_garden, grunt_orc_garden,
          grunt_orc_garden, grunt_orc_garden, mines2_david
Vaults:1: v_misc_8, v_pattern_1, nicolae_vaults_windows_and_doors_thing,
          ontoclasm_vaults_loading_screen, grunt_vaults_twisty,
          vaults_room_door_hall, v_misc_29, ontoclasm_vaults_fault,
          v_alt_pattern_6, ontoclasm_vaults_ligature, layout_vaults_omnibox,
          trove_entry_hex_spiral, basic_altar, uniq_nikola
Vaults:2: hangedman_vaults_maws, vaults_mumra_chevron_long, v_misc_9, v_misc_15,
          nicolae_vaults_network_s, nicolae_vaults_display_case,
          nicolae_vaults_alarming, vaults_room_fours, layout_vaults_quadrants,
          serial_shops, shop_fountains
Vaults:3: hangedman_vaults_stretched_pinwheel, ontoclasm_vaults_loading_screen,
          vaults_room_hallway, vaults_room_fancy_cross,
          minmay_crypt_entry_vampire_xt, hangedman_vaults_restitches, v_misc_23,
          hangedman_vaults_hat, v_rooms_2, nicolae_vaults_sealed_display,
          vaults_room_corners, v_misc_26, vaults_room_guarded_vault,
          vaults_room_pool, layout_vaults_big_cross
Vaults:4: v_pattern_2, v_alt_pattern_2, v_misc_2, nicolae_vaults_back_hallway,
          nicolae_vaults_little_squares_3, grunt_vaults_funnel,
          nicolae_vaults_three_branches, nicolae_vaults_big_angled_halls,
          vaults_standard_mumra_enter_the_diamond, v_misc_8,
          nicolae_vaults_specimen_jars, v_misc_23, vaults_dpeg_ring,
          layout_vaults_ring
Vaults:5: uniq_mara
Depths:1: layout_gridlike, kennysheep_cross_room, hell_entry, minivault_16,
          serial_bayou_crossing, minmay_shop_star
Depths:2: impenetrable_vault, layout_cave_shapes, rand_demon_pan_entry_4,
          hell_entry, serial_shops, nicolae_shop_window_shopping,
          kilobyte_mutagenic_chamber, serial_bayou_shore_b,
          infiniplex_staircase_zigzag_1
Depths:3: cheibrodos_cascadia, layout_twisted_cross, hangedman_decor_points,
          hell_entry, rand_demon_pan_entry_1, chequers_big_river,
          minmay_fractal_squares_diagonal_5
Depths:4: grunt_forest_end_winery, layout_cave_shapes, abyss_entry,
          hangedman_coc_ice_floe, lemuel_crystal_altar, serial_shops, shop,
          kennysheep_nondescript, kennysheep_underground_church,
          infiniplex_staircase_spiral_double, serial_bayou_shore_b, uniq_jory
Depths:5: grunt_profane_halls [grunt_profane_temple_coc,
          grunt_profane_temple_geh, grunt_profane_temple_dis,
          grunt_profane_temple_tar, grunt_zot_portal], hell_entry
Hell
Zot:1:    nicolae_zot_stationary_front, layout_gridville
Zot:2:    infiniplex_zot_generator, layout_twisted_circle
Zot:3:    grunt_zot_stairs_faceoff, layout_cellular_growth
Zot:4:    layout_onion_interference
Zot:5:    layout_gridlike
Pan:      grunt_pan_sceptre, layout_irregular_city, evilmike_mini_pan_doors,
          layout_basic, pan_blood_fountain_small, reaverb_pan_figure_eight,
          evilmike_mini_pan_murderfest, layout_cellular_growth, rand_demon_1,
          layout_stronghold, evilmike_mini_pan_V, layout_rooms,
          nicolae_pan_gloorx_vloqian_4, evilmike_mini_pan_pillars,
          layout_small_grid, nicolae_pan_cerebovesque_2, evilmike_cerebov_lava,
          layout_chambers, evilmike_mini_pan_doors, layout_gridlike,
          evilmike_mini_pan_doors, layout_pan_divisions_a
          [pan_division_quadrant_a1, pan_division_quadrant_a4,
          pan_division_quadrant_a2, pan_division_quadrant_a4,
          pan_division_octagon_divided], nicolae_pan_gloorx_vloqian_4,
          evilmike_mini_pan_corridor, layout_long_grid, evilmike_mnoleg_eyes,
          layout_gridlike, lom_lobon_spiral_st, layout_pan_divisions_b
          [pan_division_quadrant_b3, pan_division_quadrant_b2,
          pan_division_quadrant_b3, pan_division_quadrant_b4], uniq_mennas_pan,
          nicolae_pan_mnolegish_5

Skill      XL: |  1  2  3  4  5  6  7  8  9 10 11 12 13 14 15 16 17 18 19 20 21 22 23 24 25 26 27 |
---------------+----------------------------------------------------------------------------------+-----
Fighting       | 4 5 6 7 8 10 12 15 17 18 20 21 22 24 26 27 | 27.0
Axes           | 5 6 7 8 10 12 14 15 16 17 18 | 18.0
Invocations    | 4 8 |  8.0
Shields        | 5 9 12 14 15 17 | 17.3
Armour         | 7 11 13 15 17 19 20 22 25 27 | 27.0
Dodging        | 7 10 11 14 15 27 | 27.0
Slings         | 1 |  1.4
Crossbows      | 3 10 | 10.0
Stealth        | 8 |  8.8
Necromancy     | 8 |  8.0
Spellcasting   | 6 |  6.0

Action                   |  1- 3 |  4- 6 |  7- 9 | 10-12 | 13-15 | 16-18 | 19-21 | 22-24 | 25-27 || total
-------------------------+-------+-------+-------+-------+-------+-------+-------+-------+-------++-------
Melee: Hand axe          |   156 |   320 |   248 |       |       |       |       |       |       ||   724
       War axe           |       |       |   105 |   733 |  1495 |  1899 |  1684 |   259 |       ||  6175
       Punch             |       |       |       |     1 |       |       |       |       |       ||     1
       Broad axe         |       |       |       |       |       |       |       |  1293 |  4163 ||  5456
 Fire: Hunting sling     |       |       |       |       |       |    31 |       |       |       ||    31
       Hand crossbow     |       |       |       |       |       |    43 |    56 |       |   148 ||   247
Throw: Stone             |       |       |     1 |       |     1 |     4 |       |       |       ||     6
Invok: Heroism           |       |       |     1 |     2 |       |     1 |     6 |     2 |     9 ||    21
       Finesse           |       |       |       |     1 |       |     1 |     6 |     3 |    18 ||    29
 Abil: Stop Flying       |       |       |       |       |       |       |     2 |       |       ||     2
       Evoke Flight      |       |       |       |       |       |       |     1 |       |     1 ||     2
       Blink             |       |       |       |       |       |       |       |       |     2 ||     2
Evoke: Wand              |       |     3 |       |     9 |     2 |       |     1 |       |    20 ||    35
  Use: Potion            |       |       |     6 |     3 |     1 |     1 |     5 |       |    13 ||    29
       Scroll            |       |       |       |    17 |    15 |     8 |    10 |     5 |    49 ||   104
 Stab: Sleeping          |     2 |       |       |       |       |       |       |       |       ||     2
       Petrified         |       |       |       |       |     7 |    17 |       |       |       ||    24
       Petrifying        |       |       |       |       |     1 |     1 |       |       |       ||     2
       Held in net/web   |       |       |       |       |       |       |     1 |       |       ||     1
       Distracted        |       |       |       |       |       |       |     2 |     1 |     3 ||     6
       Paralysed         |       |       |       |       |       |       |       |       |     4 ||     4
Armor: Robe              |    17 |       |       |       |       |       |       |       |       ||    17
       Chain mail        |    39 |   170 |   187 |   302 |   147 |       |       |       |       ||   845
       Skin              |       |       |       |    28 |       |       |       |       |       ||    28
       Pearl dragon scal |       |       |       |       |   220 |   365 |   380 |       |       ||   965
       Acid dragon scale |       |       |       |       |       |       |    32 |    34 |       ||    66
       Ice dragon scales |       |       |       |       |       |       |    17 |       |       ||    17
       Plate armour      |       |       |       |       |       |       |       |   383 |   356 ||   739
       Gold dragon scale |       |       |       |       |       |       |       |       |  1223 ||  1223
Dodge: Dodged            |    93 |   108 |   123 |   193 |   249 |   535 |   627 |   490 |  1414 ||  3832
Block: Other             |       |       |       |    83 |       |       |       |       |       ||    83
       Kite shield       |       |       |       |    47 |  1070 |  1682 |  1420 |  1226 |  3260 ||  8705
       Reflection        |       |       |       |       |    91 |   213 |    69 |   142 |    62 ||   577

Table legend: (Time is in decaauts)
 A = Elapsed time spent in this place.
 B = Non-inter-level travel time spent in this place.
 C = Inter-level travel time spent in this place.
 D = Time resting spent in this place.
 E = Time spent auto-exploring this place.
 F = Levels seen in this place.
 G = Mean time per level.
                   A        B        C        D        E       F      G
               +--------+--------+--------+--------+--------+-----+--------+
         Total |  86126 |  78239 |   7887 |  18160 |  39232 |  75 | 1148.3 |
       Dungeon |  21382 |  18875 |   2507 |   3090 |  12110 |  15 | 1425.5 |
          Lair |  10323 |   8813 |   1510 |   1788 |   5699 |   6 | 1720.5 |
        Shoals |   4744 |   4590 |    154 |    478 |   2920 |   4 | 1186.0 |
     Snake Pit |   6322 |   5870 |    452 |   1355 |   2821 |   4 | 1580.5 |
    Slime Pits |   2380 |   2225 |    155 |   1123 |    348 |   5 |  476.0 |
  Orcish Mines |   1385 |   1301 |     84 |    183 |    762 |   2 |  692.5 |
        Vaults |   9282 |   8388 |    894 |   1117 |   4954 |   5 | 1856.4 |
        Depths |  12518 |  10814 |   1704 |   4006 |   4101 |   5 | 2503.6 |
          Hell |     65 |     65 |      0 |      0 |      0 |   1 |   65.0 |
           Zot |   7536 |   7112 |    424 |   1802 |   2976 |   5 | 1507.2 |
         Abyss |   3029 |   3029 |      0 |    385 |    963 |   8 |  378.6 |
   Pandemonium |   5956 |   5956 |      0 |   2291 |   1329 |  12 |  496.3 |
         Trove |     79 |     79 |      0 |      0 |      6 |   1 |   79.0 |
        Bailey |    694 |    694 |      0 |    305 |    210 |   1 |  694.0 |
      Ice Cave |    422 |    422 |      0 |    234 |     31 |   1 |  422.0 |
               +--------+--------+--------+--------+--------+-----+--------+

Top non-repeatable levels by time:
 Snake:4: 3967 daAuts
Depths:5: 3087 daAuts
     D:8: 2929 daAuts
Depths:3: 2719 daAuts
Depths:4: 2706 daAuts
Vaults:5: 2660 daAuts
  Lair:6: 2394 daAuts
Depths:1: 2039 daAuts
  Lair:2: 2004 daAuts
Depths:2: 1966 daAuts
   Zot:3: 1940 daAuts
    D:10: 1940 daAuts
Vaults:1: 1935 daAuts
Vaults:3: 1860 daAuts
   Zot:2: 1726 daAuts
